 Dungeon Crawl Stone Soup version 0.21-a0-630-g344d351 (webtiles) character file.

108 Qszxaw2 the Sneak (level 4, -1/33 HPs)
             Began as a Vampire Assassin on Dec 26, 2017.
             Slain by a river rat (7 damage)
             ... in a sewer.
             The game lasted 00:24:31 (1962 turns).

Qszxaw2 the Sneak (Vampire Assassin)                Turns: 1962, Time: 00:24:31

Health: -1/33      AC:  3    Str: 10    XL:     4   Next: 58%
Magic:  4/4        EV: 13    Int: 13    God:
Gold:   93         SH:  0    Dex: 16    Spells: 3/3 levels left

rFire    . . .     SeeInvis +   m - +5 whip (vamp) {everything}
rCold    + . .     Gourm    .   (no shield)
rNeg     + + .     Faith    .   c - +0 robe
rPois    +         Spirit   .   (no helmet)
rElec    .         Reflect  .   d - +0 cloak
rCorr    .         Harm     .   (no gloves)
MR       .....                  (no boots)
Stlth    +++++.....             (no amulet)
HPRegen  0.05/turn              (no ring)
MPRegen  0.09/turn              (no ring)

@: regenerating slowly
A: fangs 3, see invisible, unbreathing
a: Bat Form


You were in a sewer.
You were near bloodless.

You visited 1 branch of the dungeon, and saw 3 of its levels.
You also visited: Sewer.

You collected 93 gold pieces.

Inventory:

Hand Weapons
 a - a +2 dagger
 b - a +0 blowgun
 g - a +0 spear
 i - a +0 club
 k - a +0 spear
 m - a +5 vampiric whip (weapon) {everything}
 n - a +0 short sword
 q - a +0 dagger
 u - a +0 club
Missiles
 e - 25 poisoned needles (quivered)
 f - 2 curare-tipped needles
 h - 44 stones
Armour
 c - a +0 robe (worn)
 d - a +0 cloak (worn)
Scrolls
 l - 2 scrolls of teleportation
Potions
 j - 4 potions of flight


   Skills:
 + Level 2.3 Fighting
 + Level 2.4 Short Blades
 + Level 1.5 Maces & Flails
 + Level 1.5 Throwing
 + Level 2.2 Dodging
 + Level 7.3 Stealth


You had 3 spell levels left.
You didn't know any spells.

Dungeon Overview and Level Annotations

Branches:
Dungeon (3/15)

Altars:


Innate Abilities, Weirdness & Mutations

You heal slowly.
You have razor-sharp teeth.
You have supernaturally acute eyesight. (SInv)
You can survive without breathing.


Message History

The rat bites you. The river rat misses you.
You barely miss the rat.
The rat is heavily wounded.
The rat misses you. The river rat barely misses you.
You hit the rat but do no damage.
The rat is heavily wounded.
The rat completely misses you. The river rat completely misses you.
You hit the rat but do no damage.
The rat is heavily wounded.
The rat bites you. The river rat bites you.
Your transformation has ended.
Your +5 vampiric whip {everything} unmelds from your body.
Your +0 cloak unmelds from your body.
Your +0 robe unmelds from your body.
You feel a bloodthirsty glee! The rat completely misses you.
The river rat bites you.
* * * LOW HITPOINT WARNING * * *
You hit the rat.
You kill the rat!
The river rat bites you!
You die...

≈≈#.# #..#
#÷≈≈## #..#
##≈≈≈####
#..###
#..≈≈≈≈≈#
#r.#≈
##...≈≈#S≈≈
≈≈≈≈
##...÷######
#..#
###.....≈≈#
#..#
######≈≈#
##r#
#..###†@#
##.†...##
#######


You could see a river rat and a rat (sleeping).

Vanquished Creatures
  A merfolk siren (Sewer)
  An adder (Sewer)
  3 river rats (Sewer)
  A worm (D:3)
  3 ball pythons
  7 giant cockroaches
  2 goblins
  3 hobgoblins (D:1)
  3 kobolds (D:1)
  6 bats (D:1)
  6 frilled lizards
  17 rats
53 creatures vanquished.

Notes
Turn   | Place    | Note
-------+----------+-------------------------------------------
     0 | D:1      | Qszxaw2 the Vampire Assassin began the quest for the Orb.
     0 | D:1      | Reached XP level 1. HP: 16/16 MP: 1/1
    28 | D:1      | Reached skill level 6 in Stealth
   149 | D:1      | Reached XP level 2. HP: 22/22 MP: 2/2
   785 | D:3      | Found a glowing drain.
   808 | D:3      | Reached XP level 3. HP: 15/27 MP: 3/3
   953 | Sewer    | Entered a sewer
  1243 | Sewer    | Noticed a sickly merfolk siren
  1250 | Sewer    | Reached skill level 7 in Stealth
  1254 | Sewer    | Reached skill level 1 in Maces & Flails
  1271 | Sewer    | Killed a sickly merfolk siren
  1271 | Sewer    | Reached XP level 4. HP: 17/33 MP: 4/4
  1962 | Sewer    | Slain by a river rat

Vault maps used:
D:1:      saegor_arrival_simple_e
D:2:      roderic_lattice_a
D:3:      nicolae_ru_sacrificial_ziggurat, elyvilon_altar_4,
          cheibrodos_sewer_entry_drain
Sewer:    sewer_sea

Skill      XL: |  1  2  3 |
---------------+----------+-----
Stealth        | 6 7 |  7.3
Fighting       | 2 |  2.3
Maces & Flails | 1 |  1.5
Dodging        | 2 |  2.2
Short Blades   | |  2.4
Throwing       | |  1.5

Action                   |  1- 3 |  4- 6 || total
-------------------------+-------+-------++-------
Melee: Dagger            |    28 |       ||    28
       Whip              |    77 |    26 ||   103
       Bite              |     4 |     6 ||    10
       Unarmed           |       |    47 ||    47
 Abil: End Transformatio |       |     1 ||     1
       Bat Form          |       |     1 ||     1
  Use: Scroll            |     6 |     1 ||     7
       Potion            |     3 |       ||     3
 Stab: Sleeping          |     4 |     3 ||     7
Armor: Robe              |    44 |     9 ||    53
Dodge: Dodged            |   109 |    69 ||   178

Table legend:
 A = Spawn XP
 B = Non-spawn XP
 C = Spawn XP percentage of total XP
 D = Spawn monster count
 E = Non-spawn monster count
 F = Spawn count percentage of total count
 G = Total turns spent on level
                    A         B        C        D         E        F      G
               +---------+---------+-------+---------+---------+-------+---------
         Total |       0 |     155 |   0.0 |       0 |      53 |   0.0 |  1962
               +---------+---------+-------+---------+---------+-------+---------
           D:1 |       0 |      30 |   0.0 |       0 |      19 |   0.0 |   752
           D:2 |       0 |       4 |   0.0 |       0 |       3 |   0.0 |    33
           D:3 |       0 |       7 |   0.0 |       0 |       2 |   0.0 |   168
         Sewer |       0 |     114 |   0.0 |       0 |      29 |   0.0 |  1009
               +---------+---------+-------+---------+---------+-------+---------
